 Dungeon Crawl Stone Soup version 0.31-a0-431-g88bdf31460 (webtiles) character file.

Game seed: 10961779149938539258

5064 shakesphere1979 the Spear-Bearer (level 10, -2/79 HPs)
             Began as a Gnoll Reaver on July 29, 2023.
             Was a Believer of Cheibriados.
             Slain by a yak (11 damage)
             ... on level 8 of the Dungeon on July 31, 2023.
             The game lasted 00:45:45 (9973 turns).

shakesphere1979 the Spear-Bearer (Gnoll Reaver)     Turns: 9973, Time: 00:45:46

Health: -2/79      AC: 11    Str: 18    XL:     10   Next: 56%
Magic:  21/21      EV: 15    Int: 22    God:    Cheibriados [**....]
Gold:   399        SH:  0    Dex: 14    Spells: 13/24 levels left

rFire   . . .        a - +6 glaive of the Gloaming {heavy, Int+3 SInv}
rCold   . . .        (shield currently unavailable)
rNeg    . . .        x - +0 steam dragon scales
rPois   .            j - +2 hat
rElec   .            w - +0 cloak
rCorr   .            f - +1 pair of gloves
SInv    +            (no boots)
Will    .....        (no amulet)
Stlth   +++          (no ring)
HPRegen 0.33/turn    (no ring)
MPRegen 0.17/turn

%: no passive effects
@: very slow
A: fangs 1, strong nose, distributed training
a: Renounce Religion, Bend Time


You were on level 8 of the Dungeon.
You worshipped Cheibriados.
Cheibriados was pleased with you.
You visited 2 branches of the dungeon, and saw 11 of its levels.

You collected 399 gold pieces.

Inventory:

Hand Weapons
 a - the +6 glaive of the Gloaming (weapon) {heavy, Int+3 SInv}
   (You acquired it on level 3 of the Dungeon)

   Int:       It affects your intelligence (+3).
   SInv:      It lets you see invisible.
 b - a +2 flail of holy wrath
 g - a +1 spear
 y - a +0 orcbow
Missiles
 B - 14 poisoned darts
Armour
 f - a +1 pair of gloves (worn)
 j - a +2 hat (worn)
 r - a scarf of resistance
 w - a +0 cloak (worn)
 x - +0 steam dragon scales (worn)
 A - a +1 robe of cold resistance
Jewellery
 s - a +5 ring of evasion
 v - an amulet of reflection
Wands
 h - a wand of flame (19)
 o - a wand of polymorph (17)
 C - a wand of charming (10)
Scrolls
 c - 2 scrolls of immolation
 d - 6 scrolls of teleportation
 i - 2 scrolls of revelation
 l - a scroll of poison {unknown}
 m - a scroll of brand weapon {unknown}
 n - a scroll of fear {unknown}
 u - 2 scrolls of enchant armour
Potions
 e - 6 potions of heal wounds
 k - 3 potions of curing
 p - a potion of haste {unknown}
 q - a potion of lignification {unknown}
 t - a potion of cancellation {unknown}
 z - 2 potions of might {unknown}


   Skills:
 + Level 7.2 Fighting
 + Level 5.5 Short Blades
 + Level 5.5 Long Blades
 + Level 5.5 Axes
 + Level 5.5 Maces & Flails
 + Level 8.6 Polearms
 + Level 5.5 Staves
 + Level 5.5 Ranged Weapons
 + Level 5.5 Throwing
 + Level 5.5 Armour
 + Level 7.2 Dodging
 + Level 5.5 Stealth
 + Level 5.5 Shields
 + Level 5.5 Unarmed Combat
 + Level 7.5 Spellcasting
 + Level 7.2 Conjurations
 + Level 4.5 Hexes
 + Level 4.5 Summonings
 + Level 4.5 Necromancy
 + Level 4.5 Translocations
 + Level 4.5 Transmutations
 + Level 4.5 Fire Magic
 + Level 4.5 Ice Magic
 + Level 4.5 Air Magic
 + Level 4.5 Earth Magic
 + Level 4.5 Poison Magic
 + Level 6.0 Invocations
 + Level 5.5 Evocations
 + Level 4.5 Shapeshifting


You had 13 spell levels left.
You knew the following spells:

 Your Spells              Type           Power      Damage    Failure   Level
a - Kiss of Death         Conj/Necr      100%       2d13      1%          1
b - Momentum Strike       Conj/Tloc      68%        3d9       1%          2
c - Stone Arrow           Conj/Erth      68%        3d11      1%          3
d - Hailstorm             Conj/Ice       34%        3d9       1%          3
e - Passwall              Tmut/Erth      23%        N/A       1%          2

Your spell library contained the following spells:

 Spells                   Type           Power      Damage    Failure   Level
 Apportation              Tloc           56%        N/A       1%          1
 Necrotise                Necr           100%       1d9       1%          1
 Sandblast                Erth           56%        2d13      1%          1
 Summon Small Mammal      Summ           100%       N/A       1%          1
 Wereblood                Tmut           28%        N/A       1%          2
 Call Canine Familiar     Summ           28%        N/A       3%          3
 Summon Guardian Golem    Hex/Summ       28%        N/A       3%          3
 Irradiate                Conj/Tmut      17%        3d17      19%         5


Dungeon Overview and Level Annotations

Branches:
Dungeon (10/15)            Temple (1/1) D:5
   Lair: D:8-11         Orc: D:9-12

Altars:
Ashenzari
Cheibriados
Dithmenos
Elyvilon
Fedhas
Gozag
Hepliaklqana
Kikubaaqudgha
Makhleb
Nemelex Xobeh
Qazlal
Ru
Sif Muna
Uskayaw
Vehumet
Wu Jian
Xom
Yredelemnul
The Shining One

Shops:
D:1 =   D:9 *

Annotations:
D:2 Sigmund
D:6 1 exclusion
D:7 2 transporters, garrulousMonolith's ghost, novice OpSh


Innate Abilities, Weirdness & Mutations

You have very sharp teeth.
Your uncanny sense of smell can sniff out nearby items.
Your experience applies equally to all skills.


Message History

The yak is severely wounded.
The yak closely misses you. The yak gores you.
You carve the yak like a ham!!!
You kill the yak!
Cheibriados appreciates the change of pace.
The yak gores you!
You slice the yak!! You bite the yak, but do no damage.
The yak is severely wounded.
The yak barely misses you. The yak misses you.
You slice the yak!!
You kill the yak!
Cheibriados appreciates the change of pace.
The yak closely misses you.
Your Invocations skill increases to level 6!
You barely miss the yak. The yak gores you! The yak barely misses you.
You hit the yak.
The yak is lightly wounded.
The yak gores you! The yak misses you.
You slash the yak! You bite the yak, but do no damage.
The yak is moderately wounded.
The yak gores you. The yak gores you but does no damage.
You slice the yak!!
You kill the yak!
Cheibriados appreciates the change of pace.
The yak gores you but does no damage.
You slice the yak!! You bite the yak, but do no damage.
The yak is severely wounded.
The yak gores you but does no damage. The yak gores you!
* * * LOW HITPOINT WARNING * * *
You closely miss the yak.
The yak is severely wounded.
The yak misses you. The yak gores you!
* * * LOW HITPOINT WARNING * * *
You barely miss the yak.
The yak is severely wounded.
The yak completely misses you. The yak closely misses you.
You slash the yak!
The yak is almost dead.
The yak gores you!
You die...

### ###.##############
.................#
..#.############.#
#.######### #)#
#.....))..# #)#
#########.# #@# ######
#.######Y# .....#
#.[....#.##
####.####.........# #
#........#.....#
####รท.#....#.#....####
).........#.#.#......#
###......#.#.#.#.....#
###.....#.#.#.#.#....##


You could see a yak.

Vanquished Creatures
  Erica (D:9)
  A hornet (D:7)
  8 yaks
  3 steam dragons
  An orc warrior (D:8)
  An ice beast (D:5)
  2 black bears
  A sky beast (D:6)
  2 ogres (D:6)
  3 centaurs
  2 kobold brigands (D:7)
  2 bullfrogs
  A scorpion (D:6)
  6 wights (D:7)
  10 killer bees
  3 howler monkeys (D:7)
  A gnoll bouda (D:5)
  5 orc priests
  6 iguanas
  A sleepcap (D:8)
  Ijyb (D:5)
  2 orc wizards
  Robin (D:2)
  7 gnolls (D:5)
  6 adders
  3 worms
  2 dart slugs
  20 orcs
  4 bats
  3 endoplasms
  2 giant cockroaches (D:2)
  8 goblins
  9 hobgoblins
  13 kobolds
  6 quokkas
  8 ball pythons
  4 frilled lizards
  3 rats
162 creatures vanquished.

Notes
Turn   | Place    | Note
-------+----------+-------------------------------------------
     0 | D:1      | shakesphere1979 the Gnoll Reaver began the quest for the
                  | Orb.
     0 | D:1      | Reached XP level 1. HP: 20/20 MP: 6/6
     0 | D:1      | Upgraded the game from 0.31-a0-408-gb642c7f9a3 to
                  | 0.31-a0-426-g3a05650e59
   124 | D:1      | Found Usoqiel's Jewellery Shop.
   227 | D:1      | Reached XP level 2. HP: 24/25 MP: 7/7
  1165 | D:2      | Reached XP level 3. HP: 30/31 MP: 9/9
  1293 | D:2      | Found a faded altar of an unknown god.
  1331 | D:2      | Noticed Sigmund
  1360 | D:2      | Reached skill level 5 in Spellcasting
  1507 | D:2      | Noticed Robin
  1509 | D:2      | Reached skill level 1 in Invocations
  2124 | D:2      | Reached skill level 1 in Short Blades
  2124 | D:2      | Reached skill level 1 in Long Blades
  2124 | D:2      | Reached skill level 1 in Axes
  2124 | D:2      | Reached skill level 1 in Maces & Flails
  2124 | D:2      | Reached skill level 1 in Staves
  2124 | D:2      | Reached skill level 1 in Ranged Weapons
  2124 | D:2      | Reached skill level 1 in Throwing
  2124 | D:2      | Reached skill level 1 in Armour
  2124 | D:2      | Reached skill level 1 in Stealth
  2124 | D:2      | Reached skill level 1 in Shields
  2124 | D:2      | Reached skill level 1 in Unarmed Combat
  2124 | D:2      | Reached skill level 1 in Evocations
  2273 | D:2      | Killed Robin
  2274 | D:2      | Reached XP level 4. HP: 21/38 MP: 11/11
  2444 | D:3      | Reached skill level 1 in Hexes
  2444 | D:3      | Reached skill level 1 in Summonings
  2444 | D:3      | Reached skill level 1 in Necromancy
  2444 | D:3      | Reached skill level 1 in Translocations
  2444 | D:3      | Reached skill level 1 in Transmutations
  2444 | D:3      | Reached skill level 1 in Fire Magic
  2444 | D:3      | Reached skill level 1 in Ice Magic
  2444 | D:3      | Reached skill level 1 in Air Magic
  2444 | D:3      | Reached skill level 1 in Earth Magic
  2444 | D:3      | Reached skill level 1 in Poison Magic
  2444 | D:3      | Reached skill level 1 in Shapeshifting
  2699 | D:3      | Learned a level 2 spell: Momentum Strike
  2833 | D:3      | Reached XP level 5. HP: 43/43 MP: 12/12
  2868 | D:3      | Found a stormy altar of Qazlal.
  3231 | D:3      | Identified a scroll of acquirement
  3231 | D:3      | Acquired the +6 glaive of the Gloaming {heavy, Int+3 SInv}
  3827 | D:5      | Entered Level 5 of the Dungeon
  3827 | D:5      | Noticed Ijyb
  3831 | D:5      | Killed Ijyb
  3934 | D:5      | Found a shimmering blue altar of Sif Muna.
  4024 | D:5      | Noticed Eustachio
  4024 | D:5      | Noticed an ice beast
  4074 | D:5      | Killed an ice beast
  4075 | D:5      | Reached skill level 5 in Fighting
  4075 | D:5      | Reached skill level 5 in Dodging
  4075 | D:5      | Reached XP level 6. HP: 51/51 MP: 14/14
  4091 | D:5      | Found a staircase to the Ecumenical Temple.
  4156 | D:5      | Eustachio changed into Eustachio the steam dragon
  4156 | D:5      | Noticed Eustachio
  4160 | D:5      | Killed Eustachio the steam dragon
  4161 | D:5      | Reached XP level 7. HP: 46/56 MP: 15/15
  4164 | D:5      | Reached skill level 7 in Polearms
  5030 | D:6      | Reached XP level 8. HP: 56/63 MP: 16/16
  6345 | D:6      | Upgraded the game from 0.31-a0-426-g3a05650e59 to
                  | 0.31-a0-431-g88bdf31460
  6384 | D:6      | Learned a level 3 spell: Stone Arrow
  6388 | D:6      | Learned a level 3 spell: Hailstorm
  6391 | D:6      | Learned a level 2 spell: Passwall
  6469 | D:7      | Identified the +5 dire flail "Dragon's Tongue" {vamp, Int+5
                  | Dex-3}
  6469 | D:7      | Identified the +1 dire flail of Duty {flame, rC+ rN+ Int+3
                  | Dex+3}
  6469 | D:7      | Noticed a two-headed ogre
  6472 | D:7      | Noticed garrulousMonolith's ghost (novice OpSh)
  6475 | D:7      | Found a transporter.
  6493 | D:7      | Found a transporter.
  6601 | D:7      | Reached XP level 9. HP: 69/69 MP: 18/18
  6671 | D:7      | Found an ornate altar of the Wu Jian Council.
  6678 | D:7      | Noticed a spectral centipede
  7210 | Temple   | Entered the Ecumenical Temple
  7240 | Temple   | Became a worshipper of Cheibriados the Contemplative
  7685 | D:7      | You fall into a shaft and drop 3 floors!
  7685 | D:10     | Entered Level 10 of the Dungeon
  7807 | D:9      | Reached skill level 8 in Polearms
  7876 | D:9      | Found Piocez's Elemental Accessories.
  7909 | D:9      | Noticed Erica
  7941 | D:9      | Killed Erica
  7942 | D:9      | Reached skill level 5 in Invocations
  8230 | D:7      | Reached XP level 10. HP: 56/77 MP: 20/20
  8563 | D:7      | Paralysed by a hornet for 2 turns
  8564 | D:7      | Reached * piety under Cheibriados
  8565 | D:7      | Reached skill level 5 in Short Blades
  8565 | D:7      | Reached skill level 5 in Long Blades
  8565 | D:7      | Reached skill level 5 in Axes
  8565 | D:7      | Reached skill level 5 in Maces & Flails
  8565 | D:7      | Reached skill level 5 in Staves
  8565 | D:7      | Reached skill level 5 in Ranged Weapons
  8565 | D:7      | Reached skill level 5 in Throwing
  8565 | D:7      | Reached skill level 5 in Armour
  8565 | D:7      | Reached skill level 5 in Stealth
  8565 | D:7      | Reached skill level 5 in Shields
  8565 | D:7      | Reached skill level 5 in Unarmed Combat
  8565 | D:7      | Reached skill level 5 in Evocations
  9793 | D:8      | Reached ** piety under Cheibriados
  9973 | D:8      | Slain by a yak

Illustrated notes

Levels and vault maps discovered:
D:1:      amcnicky_arrival_single_pillar, layout_loops_ring, serial_shops,
          nicolae_shop_gibbet_a_chance, minivault_27, roderic_roman_lattice
D:2:      layout_loops_corners, nicolae_ecumenical_lake_church, uniq_robin,
          uniq_sigmund
D:3:      layout_loops_cross, grunt_qazlal_clouds, minmay_quantized
D:4:      layout_cave_pools
D:5:      layout_basic, lemuel_blue_sif_altar,
          minmay_temple_entry_drinking_statues, hangedman_decor_clover_reticule,
          minmay_door_square, uniq_ijyb, uniq_eustachio
D:6:      layout_loops_corners, centaur_isle
D:7:      layout_basic, pdpol_wu_jian_five_deadly_venoms, gammafunk_ghost_smash
D:8:      layout_loops_ring, chequers_garden, roderic_three_in_a_row,
          nicolae_the_louvre
D:9:      dragon1_lemuel, layout_gridville, grunt_temple_overflow_open,
          orc_0_dummy, hangedman_weighted_door, nicolae_elemental_shop,
          uniq_erica
D:10:     layout_roguey, zin_purify, ebering_ghost_xom, kennysheep_just_a_vault,
          uniq_nergalle
Temple:   nicolae_temple_slightly_damp_pantheon

Skill      XL: |  1  2  3  4  5  6  7  8  9 10 |
---------------+-------------------------------+-----
Spellcasting   | 5 6 7 |  7.5
Invocations    | 1 2 3 4 5 6 |  6.0
Short Blades   | 1 2 3 4 5 |  5.5
Long Blades    | 1 2 3 4 5 |  5.5
Axes           | 1 2 3 4 5 |  5.5
Maces & Flails | 1 2 3 4 5 |  5.5
Staves         | 1 2 3 4 5 |  5.5
Ranged Weapons | 1 2 3 4 5 |  5.5
Throwing       | 1 2 3 4 5 |  5.5
Armour         | 1 2 3 4 5 |  5.5
Stealth        | 1 2 3 4 5 |  5.5
Shields        | 1 2 3 4 5 |  5.5
Unarmed Combat | 1 2 3 4 5 |  5.5
Evocations     | 1 2 3 4 5 |  5.5
Hexes          | 1 2 3 4 |  4.5
Summonings     | 1 2 3 4 |  4.5
Necromancy     | 1 2 3 4 |  4.5
Translocations | 1 2 3 4 |  4.5
Transmutations | 1 2 3 4 |  4.5
Fire Magic     | 1 2 3 4 |  4.5
Ice Magic      | 1 2 3 4 |  4.5
Air Magic      | 1 2 3 4 |  4.5
Earth Magic    | 1 2 3 4 |  4.5
Poison Magic   | 1 2 3 4 |  4.5
Shapeshifting  | 1 2 3 4 |  4.5
Fighting       | 5 6 7 |  7.2
Dodging        | 5 6 7 |  7.2
Polearms       | 7 8 |  8.6
Conjurations   | 6 7 |  7.2

Action                     |  1- 3 |  4- 6 |  7- 9 | 10-12 || total
---------------------------+-------+-------+-------+-------++-------
  Melee: Spear             |   164 |   124 |       |       ||   288
         Bite              |     9 |    13 |     7 |     5 ||    34
         Punch             |     1 |     3 |       |       ||     4
         Glaive            |       |    36 |   117 |    65 ||   218
   Cast: Kiss of Death     |     1 |       |       |       ||     1
         Stone Arrow       |       |       |    18 |    13 ||    31
         Passwall          |       |       |       |     1 ||     1
  Evoke: Wand              |       |     1 |       |       ||     1
    Use: Scroll            |       |    12 |       |       ||    12
         Potion            |       |       |     1 |       ||     1
   Stab: Sleeping          |     1 |     3 |     1 |     1 ||     6
 Armour: Leather armour    |    33 |    50 |    29 |       ||   112
         Steam dragon scal |       |       |    24 |    19 ||    43
  Dodge: Dodged            |    67 |    64 |   130 |    65 ||   326

Table legend: (Time is in decaauts)
 A = Elapsed time spent in this place.
 B = Non-inter-level travel time spent in this place.
 C = Inter-level travel time spent in this place.
 D = Time resting spent in this place.
 E = Time spent auto-exploring this place.
 F = Levels seen in this place.
 G = Mean time per level.
                   A        B        C        D        E       F      G
               +--------+--------+--------+--------+--------+-----+--------+
         Total |  10758 |  10619 |    139 |     67 |   6544 |  11 |  978.0 |
       Dungeon |  10687 |  10548 |    139 |     67 |   6544 |  10 | 1068.7 |
        Temple |     71 |     71 |      0 |      0 |      0 |   1 |   71.0 |
               +--------+--------+--------+--------+--------+-----+--------+

Top non-repeatable levels by time:
     D:7: 2125 daAuts
     D:6: 1821 daAuts
     D:8: 1456 daAuts
     D:2: 1405 daAuts
     D:5: 1176 daAuts
     D:1: 935 daAuts
     D:3: 874 daAuts
     D:4: 562 daAuts
     D:9: 298 daAuts
  Temple: 71 daAuts
    D:10: 30 daAuts
